 Dungeon Sprint DCSS version 0.15-a0-963-gb693d2a (webtiles) character file.

40876 MDvedh the Warrior (level 14, -4/143 HPs)
             Began as a Hill Orc Fire Elementalist on May 22, 2014.
             Was the Champion of Vehumet.
             Slain by an ettin
             ... wielding a +0,+0 dire flail
              (40 damage)
             ... in the Dungeon (Sprint IX: "|||||||||||||||||||||||||||||").
             The game lasted 00:34:46 (9636 turns).

MDvedh the Warrior (Hill Orc Fire Elementalist)     Turns: 9636, Time: 00:34:47

HP  -4/143       AC 12     Str 12      XL: 14   Next: 12%
MP  14/35        EV 20     Int 19      God: Vehumet [******]
Gold 748         SH  0     Dex 14      Spells:  7 memorised, 12 levels left

rFire  . . .     SeeInvis .     n - staff of energy
rCold  . . .     Clarity  .     F - +2 robe {MR+}
rNeg   + . .     Conserve .     (no shield)
rPois  .         rCorr    .     o - +1 helmet
rElec  +         rRot     .     p - +0 cloak
SustAb .         Spirit   .     D - +0 pair of gloves
rMut   .         Warding  +     I - +1 pair of boots
Gourm  .         NoTele   +     f - amulet of warding
MR     ++...                    r - +3 ring of dexterity
                                q - +2 ring of protection

@: very resistant to hostile enchantments, unstealthy
A: electricity resistance
a: Renounce Religion


You were in the Dungeon.
You worshipped Vehumet.
Vehumet was exalted by your worship.
You were not hungry.

You visited 1 branch You collected 1910 gold pieces.
You spent 1162 gold pieces at shops.

Inventory:

Hand weapons
 s - a +2,+2 cutlass of electrocution
Armour
 o - a +1 helmet (worn)
 p - a +0 cloak (worn)
 D - a +0 pair of gloves (worn)
 F - a +2 robe of magic resistance (worn)
 I - a +1 pair of boots (worn)
Magical devices
 c - a wand of disintegration (10)
 m - a wand of cold (7)
Comestibles
 j - 40 strawberries
 A - 7 bread rations
 B - 12 meat rations
Scrolls
 i - 4 scrolls of blinking
 k - 2 scrolls of remove curse
 l - 2 scrolls of amnesia
 v - 2 scrolls of fog
 w - a scroll of identify
 x - a scroll of fear
 y - a scroll of enchant weapon II
 z - a scroll of enchant weapon III
 J - a scroll of recharging
 K - 2 scrolls of enchant armour
Jewellery
 a - an uncursed ring of protection from cold
 f - an amulet of warding (around neck)
 q - a +2 ring of protection (left hand)
 r - a +3 ring of dexterity (right hand)
 G - an uncursed ring of protection from cold
 H - an uncursed ring of protection from fire
Potions
 d - 6 potions of curing
 e - 4 potions of heal wounds
 g - 3 potions of magic
 h - a potion of brilliance
 t - a potion of cure mutation
 u - a potion of resistance
 C - 2 potions of restore abilities
Books
 b - a book of Flames

   Spells                             Type                      Level
   *Flame Tongue                      Conjuration/Fire             1
   Throw Flame                        Conjuration/Fire             2
   *Conjure Flame                     Conjuration/Fire             3
   Inner Flame                        Hexes/Fire                   3
   *Sticky Flame                      Conjuration/Fire             4
   *Fireball                          Conjuration/Fire             5
 E - a book of Wizardry

   Spells                             Type                      Level
   Agony                              Necromancy                   5
   Force Lance                        Conjuration                  5
   Dispersal                          Translocation                6
   Haste                              Charms                       6
   Invisibility                       Hexes                        6
   Spellforged Servitor               Conjuration/Summoning        7
Magical staves
 n - an uncursed staff of energy (weapon)


   Skills:
 - Level 18.0 Fighting
 - Level 13.4 Dodging
 - Level 1.5 Stealth
 + Level 14.2 Spellcasting
 + Level 16.3 Conjurations
 + Level 16.7 Fire Magic
 - Level 6.0 Air Magic
 - Level 7.0 Poison Magic


You had 12 spell levels left.
You knew the following spells:

 Your Spells              Type           Power        Failure   Level  Hunger
a - Flame Tongue          Conj/Fire      #####        0%          1    None
b - Conjure Flame         Conj/Fire      ######..     0%          3    None
c - Sticky Flame          Conj/Fire      ######..     1%          4    None
d - Fireball              Conj/Fire      ######....   1%          5    None
e - Bolt of Magma         Conj/Fire/Erth ######....   1%          5    None
f - Ignite Poison         Fire/Trmt      #####.....   1%          5    None
g - Poisonous Cloud       Conj/Pois/Air  ######....   4%          6    None


Dungeon Overview and Level Annotations

Branches:
Dungeon (1/1)

Altars:
Cheibriados
Dithmenos
Elyvilon
Fedhas
Gozag
Kikubaaqudgha
Makhleb
Nemelex Xobeh
Okawaru
Qazlal
Sif Muna
Trog
Vehumet
Xom
Yredelemnul
Zin
The Shining One
Beogh
Jiyva
Lugonu

Shops:
D !:?*


Innate Abilities, Weirdness & Mutations

You are resistant to electric shocks.


Message History

Unknown command.
Casting: Conjure Flame
Confirm with . or Enter, or press ? or * to list all spells.
Aiming: Conjure Flame
Press: ? - help, Dir - move target cursor The fire roars!
The ettin is engulfed in roaring flames.
Casting: Conjure Flame
Confirm with . or Enter, or press ? or * to list all spells.
Aiming: Sticky Flame
Press: ? - help, Shift-Dir - straight line, f - ettin
Aim: an ettin, wielding two dire flails (flame, moderately wounded)
The sticky flame hits the ettin.
The ettin is moderately wounded.
The ettin is covered in liquid flames!
The ettin burns!
The ettin is engulfed in roaring flames.
The ettin hits you with a dire flail!!
* * * LOW HITPOINT WARNING * * *
The ettin hits you with a dire flail!!!
You die...

▓▓▓▓▓▓▓▓▓▓▓▓▓▓▓▓▓▓▓▓
...▓...▓...▓...▓...▓
.▓.▓.▓.▓.▓.▓.▓.▓§▓.▓
.▓.▓.▓.▓.▓.▓.▓.▓§▓.▓
.▓.▓.▓.▓.▓.▓.▓.▓C▓.▓
.▓.▓.▓.▓.▓.▓.▓.▓@▓.▓
.▓.▓.▓.▓.▓.▓.▓.▓.▓.▓
.▓.▓.▓.▓.▓.▓.▓.▓.▓.▓
.▓'▓.▓.▓.▓.▓.▓.▓.▓.▓
.▓.▓.▓.▓.▓.▓.▓.▓.▓.▓
.▓.▓.▓.▓.▓'▓.▓.▓.▓.▓
.▓.▓.▓.▓.▓.▓.▓.▓.▓.▓
.▓.▓.▓.▓.▓.▓.▓.▓.▓§▓
.▓.▓.▓.▓.▓.▓.▓.▓.▓.▓


You could see an ettin (burning).

Vanquished Creatures
  A lich (D)
  A frost giant (D)
  2 emperor scorpions (D)
  A stone giant (D)
  A dire elephant (D)
  A minotaur (D)
  A merfolk impaler (D)
  A siren (D)
  Harold (D)
  A naga warrior (D)
  A rakshasa (D)
  An ogre mage (D)
  Erica (D)
  2 anacondas (D)
  An alligator (D)
  A deep troll shaman (D)
  A vampire mage (D)
  A shock serpent (D)
  8 orc high priests (D)
  A tengu warrior (D)
  2 naga sharpshooters (D)
  A hell knight (D)
  2 spriggans (D)
  An iron troll (D)
  A sea snake (D)
  2 orb spiders (D)
  A lindwurm (D)
  5 orc knights (D)
  Joseph (D)
  A harpy (D)
  A mana viper (D)
  A red wasp (D)
  A faun (D)
  A griffon (D)
  4 wolf spiders (D)
  A mermaid (D)
  A guardian serpent (D)
  Psyche (D)
  3 spiny frogs (D)
  A demonic crawler (D)
  A tengu conjurer (D)
  2 giant fireflies (D)
  A red devil (D)
  A troll (D)
  Sonja (D)
  A giant leech (D)
  A slime creature (D)
  A snapping turtle (D)
  A spriggan (shapeshifter) (D)
  A vampire (D)
  A tarantella (D)
  A human (shapeshifter) (D)
  2 yaks (D)
  2 hippogriffs (D)
  A naga (D)
  A hungry ghost (D)
  An ogre (D)
  7 orc warriors (D)
  A porcupine (D)
  A yellow wasp (D)
  A big kobold (D)
  A centaur (D)
  4 brain worms (D)
  3 crocodiles (D)
  A giant slug (D)
  2 giant frogs (D)
  A killer bee (D)
  A goliath beetle (D)
  A crimson imp (D)
  A jelly (D)
  A hound (D)
  An iguana (D)
  7 orc priests (D)
  5 orc wizards (D)
  A worker ant (D)
  3 adders (D)
  A green rat (D)
  4 worms (D)
  A giant gecko (D)
  7 orcs (D)
  A bat zombie (D)
  2 goblins (D)
  2 hobgoblins (D)
  2 bats (D)
  A giant newt skeleton (D)
  A giant newt zombie (D)
  A goblin skeleton (D)
  A kobold zombie (D)
  2 rats (D)
  A fungus (D)
  A plant (D)
152 creatures vanquished.

Vanquished Creatures (others)
  A fungus (D)
1 creature vanquished.

Grand Total: 153 creatures vanquished

Notes
Turn   | Place    | Note
--------------------------------------------------------------
     0 | D        | MDvedh, the Hill Orc Fire Elementalist, began the quest for the Orb.
     0 | D        | Reached XP level 1. HP: 14/14 MP: 2/2
   198 | D        | Reached XP level 2. HP: 20/20 MP: 0/5
   325 | D        | Found a glowing silver altar of Zin.
   325 | D        | Found a glowing golden altar of the Shining One.
   325 | D        | Found an ancient bone altar of Kikubaaqudgha.
   325 | D        | Found a basalt altar of Yredelemnul.
   325 | D        | Found a shimmering altar of Xom.
   325 | D        | Found a radiant altar of Vehumet.
   325 | D        | Found an iron altar of Okawaru.
   326 | D        | Found a burning altar of Makhleb.
   327 | D        | Found a deep blue altar of Sif Muna.
   328 | D        | Found a bloodstained altar of Trog.
   329 | D        | Found a sparkling altar of Nemelex Xobeh.
   330 | D        | Found a white marble altar of Elyvilon.
   331 | D        | Found a roughly hewn altar of Beogh.
   332 | D        | Found a viscous altar of Jiyva.
   333 | D        | Became a worshipper of Vehumet
   334 | D        | Found a corrupted altar of Lugonu.
   335 | D        | Found a blossoming altar of Fedhas.
   336 | D        | Found a snail-covered altar of Cheibriados.
   337 | D        | Found a shadowy altar of Dithmenos.
   338 | D        | Found a stormy altar of Qazlal.
   339 | D        | Found an opulent altar of Gozag.
   376 | D        | Noticed a big kobold
   376 | D        | Noticed a killer bee
   376 | D        | Noticed a centaur
   376 | D        | Noticed an ogre
   391 | D        | Killed a big kobold
   391 | D        | Reached skill level 4 in Spellcasting
   391 | D        | Reached skill level 5 in Conjurations
   391 | D        | Reached XP level 3. HP: 24/26 MP: 1/10
   391 | D        | Reached XP level 4. HP: 30/33 MP: 1/12
   394 | D        | Killed a killer bee
   394 | D        | Reached skill level 5 in Spellcasting
   394 | D        | Reached skill level 6 in Conjurations
   394 | D        | Reached XP level 5. HP: 30/38 MP: 1/15
   395 | D        | Acquired Vehumet's first power
   395 | D        | Offered knowledge of Sting by Vehumet.
   395 | D        | Reached skill level 7 in Conjurations
   397 | D        | Killed a centaur
   397 | D        | Reached skill level 8 in Conjurations
   402 | D        | Killed an ogre
   402 | D        | Reached skill level 9 in Conjurations
   402 | D        | Reached XP level 6. HP: 16/45 MP: 2/20
   625 | D        | Learned a level 3 spell: Conjure Flame
   630 | D        | Learned a level 4 spell: Sticky Flame
   640 | D        | Noticed a goliath beetle
   640 | D        | Noticed a slime creature
   640 | D        | Noticed a worker ant
   640 | D        | Noticed a crocodile
   640 | D        | Noticed a troll
   640 | D        | Noticed a hound
   645 | D        | Killed a goliath beetle
   645 | D        | Offered knowledge of Sandblast by Vehumet.
   658 | D        | Killed a slime creature
   658 | D        | Reached skill level 5 in Fighting
   658 | D        | Reached skill level 5 in Fire Magic
   658 | D        | Reached XP level 7. HP: 13/61 MP: 4/21
   902 | D        | Killed a worker ant
   902 | D        | Offered knowledge of Throw Frost by Vehumet.
   906 | D        | Killed a crocodile
   906 | D        | Acquired Vehumet's second power
   911 | D        | Killed a troll
   911 | D        | Reached skill level 5 in Dodging
   911 | D        | Reached XP level 8. HP: 68/73 MP: 9/23
   913 | D        | Killed a hound
   998 | D        | Learned a level 5 spell: Fireball
  1115 | D        | Noticed a giant slug
  1115 | D        | Noticed a crocodile
  1115 | D        | Noticed a hippogriff
  1115 | D        | Noticed an iguana
  1115 | D        | Noticed a spiny frog
  1119 | D        | Killed a giant slug
  1119 | D        | Offered knowledge of Throw Icicle by Vehumet.
  1122 | D        | Noticed a giant frog
  1122 | D        | Killed a crocodile
  1125 | D        | Acquired Vehumet's third power
  1129 | D        | Killed a hippogriff
  1132 | D        | Killed an iguana
  1313 | D        | Killed a spiny frog
  1313 | D        | Offered knowledge of Lee's Rapid Deconstruction by Vehumet.
  1313 | D        | Reached skill level 10 in Fighting
  1318 | D        | Killed a giant frog
  1620 | D        | Noticed a yak
  1631 | D        | Killed a yak
  1631 | D        | Offered knowledge of Bolt of Magma by Vehumet.
  1631 | D        | Reached skill level 11 in Fighting
  1631 | D        | Reached XP level 9. HP: 86/89 MP: 20/24
  1638 | D        | Learned a level 5 spell: Bolt of Magma
  1662 | D        | Noticed a hippogriff
  1662 | D        | Noticed a yak
  1662 | D        | Noticed a porcupine
  1662 | D        | Noticed a giant frog
  1662 | D        | Noticed a crocodile
  1665 | D        | Killed a hippogriff
  1665 | D        | Killed a porcupine
  1666 | D        | Killed a yak
  1667 | D        | Noticed a spiny frog
  1669 | D        | Killed a giant frog
  1669 | D        | Reached skill level 12 in Fighting
  1672 | D        | Killed a crocodile
  1677 | D        | Killed a spiny frog
  1677 | D        | Offered knowledge of Venom Bolt by Vehumet.
  1919 | D        | Noticed a lindwurm
  1919 | D        | Noticed a brain worm
  1919 | D        | Noticed a brain worm
  1919 | D        | Noticed a brain worm
  1919 | D        | Noticed a brain worm
  2013 | D        | Killed a brain worm
  2013 | D        | Reached skill level 13 in Fighting
  2013 | D        | Killed a lindwurm
  2013 | D        | Reached skill level 10 in Dodging
  2020 | D        | Killed a brain worm
  2027 | D        | Killed a brain worm
  2027 | D        | Reached skill level 14 in Fighting
  2031 | D        | Killed a brain worm
  2031 | D        | Offered knowledge of Ignite Poison by Vehumet.
  2326 | D        | Noticed Harold
  2345 | D        | Killed Harold
  2345 | D        | Reached XP level 10. HP: 71/104 MP: 4/25
  2453 | D        | Learned a level 5 spell: Ignite Poison
  2529 | D        | Noticed an orc priest
  2529 | D        | Noticed an orc wizard
  2529 | D        | Noticed an orc priest
  2529 | D        | Noticed an orc priest
  2529 | D        | Noticed an orc wizard
  2529 | D        | Noticed an orc wizard
  2529 | D        | Noticed an orc priest
  2530 | D        | Noticed an orc priest
  2531 | D        | Killed an orc priest
  2531 | D        | Killed an orc priest
  2532 | D        | Killed an orc wizard
  2532 | D        | Killed an orc priest
  2533 | D        | Noticed an orc priest
  2534 | D        | Noticed an orc wizard
  2536 | D        | Killed an orc priest
  2538 | D        | Noticed an orc warrior
  2542 | D        | Killed an orc wizard
  2542 | D        | Offered knowledge of Orb of Destruction by Vehumet.
  2542 | D        | Killed an orc wizard
  2542 | D        | Killed an orc priest
  2557 | D        | Killed an orc warrior
  2560 | D        | Killed an orc priest
  2563 | D        | Killed an orc wizard
  2804 | D        | Noticed an orc warrior
  2804 | D        | Noticed an orc warrior
  2804 | D        | Noticed an orc wizard
  2804 | D        | Noticed an orc warrior
  2804 | D        | Noticed an orc priest
  2805 | D        | Killed an orc wizard
  2808 | D        | Noticed an orc warrior
  2810 | D        | Killed an orc warrior
  2810 | D        | Reached skill level 15 in Fighting
  2837 | D        | Killed an orc warrior
  2844 | D        | Killed an orc warrior
  2883 | D        | Killed an orc warrior
  2883 | D        | Offered knowledge of Poison Arrow by Vehumet.
  2888 | D        | Killed an orc priest
  3166 | D        | Noticed an orc warrior
  3167 | D        | Noticed an orc warrior
  3175 | D        | Killed an orc warrior
  3178 | D        | Killed an orc warrior
  3320 | D        | Found Schavod's Distillery.
  3320 | D        | Noticed an orc high priest
  3320 | D        | Noticed an orc high priest
  3320 | D        | Noticed an orc high priest
  3320 | D        | Noticed an orc high priest
  3320 | D        | Noticed an orc knight
  3320 | D        | Noticed an orc high priest
  3322 | D        | Noticed a sun demon
  3325 | D        | Killed an orc high priest
  3325 | D        | Offered knowledge of Poisonous Cloud by Vehumet.
  3325 | D        | Killed an orc high priest
  3918 | D        | Killed an orc high priest
  3918 | D        | Reached skill level 16 in Fighting
  3918 | D        | Reached XP level 11. HP: 100/114 MP: 11/29
  4052 | D        | Killed an orc high priest
  4115 | D        | Killed an orc knight
  4115 | D        | Reached skill level 10 in Spellcasting
  4182 | D        | Learned a level 6 spell: Poisonous Cloud
  4278 | D        | Killed an orc high priest
  4284 | D        | Noticed an orc knight
  4397 | D        | Killed an orc knight
  4397 | D        | Reached skill level 17 in Fighting
  4618 | D        | Noticed an orc high priest
  4631 | D        | Noticed a sun demon
  4635 | D        | Killed an orc high priest
  4635 | D        | Offered knowledge of Delayed Fireball by Vehumet.
  4968 | D        | Found Suotat's Book Shoppe.
  4970 | D        | Found Eril's Magic Scroll Emporium.
  4972 | D        | Found Usygoli's General Store.
  4973 | D        | Noticed an orc high priest
  4974 | D        | Noticed an orc knight
  5162 | D        | Killed an orc high priest
  5349 | D        | Killed an orc knight
  5349 | D        | Reached skill level 5 in Poison Magic
  5447 | D        | Noticed an orc knight
  5556 | D        | Killed an orc knight
  5662 | D        | Noticed an orc knight
  5677 | D        | Killed an orc knight
  5677 | D        | Reached skill level 18 in Fighting
  5753 | D        | Noticed an orc high priest
  5758 | D        | Killed an orc high priest
  5879 | D        | Bought a potion of beneficial mutation for 350 gold pieces
  5880 | D        | Gained mutation: You are resistant to electric shocks. [potion of beneficial mutation]
  5888 | D        | Bought a scroll of blinking for 105 gold pieces
  5888 | D        | Bought a potion of magic for 77 gold pieces
  5888 | D        | Bought an uncursed amulet of warding for 210 gold pieces
  5894 | D        | Bought a book of Wizardry for 420 gold pieces
  5918 | D        | Noticed Erica
  5931 | D        | Killed Erica
  5931 | D        | Reached skill level 10 in Conjurations
  6093 | D        | Noticed Joseph
  6108 | D        | Killed Joseph
  6108 | D        | Reached XP level 12. HP: 105/127 MP: 10/30
  6292 | D        | Noticed a spriggan
  6292 | D        | Noticed a jelly
  6292 | D        | Noticed a crimson imp
  6292 | D        | Noticed a hungry ghost
  6293 | D        | Noticed an ogre mage
  6294 | D        | Killed a jelly
  6295 | D        | Killed a spriggan
  6295 | D        | Offered knowledge of Lehudib's Crystal Spear by Vehumet.
  6295 | D        | Offered knowledge of Shatter by Vehumet.
  6295 | D        | Offered knowledge of Tornado by Vehumet.
  6296 | D        | Noticed a lich
  6299 | D        | Killed a crimson imp
  6300 | D        | Killed a hungry ghost
  6300 | D        | Reached skill level 1 in Air Magic
  6301 | D        | Noticed an emperor scorpion
  6302 | D        | Noticed a Hell Sentinel
  6303 | D        | Noticed a vampire mage
  6304 | D        | Killed an ogre mage
  6306 | D        | Paralysed by a lich for 7 turns
  6309 | D        | Noticed a jiangshi
  6309 | D        | Noticed a blizzard demon
  6314 | D        | Killed a lich
  6314 | D        | Reached skill level 10 in Fire Magic
  6614 | D        | Killed an emperor scorpion
  6823 | D        | Killed a vampire mage
  6835 | D        | Noticed a rakshasa
  6910 | D        | Killed a rakshasa
  6910 | D        | Reached skill level 5 in Air Magic
  7152 | D        | Noticed a stone giant
  7167 | D        | Killed a stone giant
  7405 | D        | Noticed a tengu warrior
  7406 | D        | Noticed a tengu conjurer
  7410 | D        | Killed a tengu warrior
  7412 | D        | Killed a tengu conjurer
  7619 | D        | Noticed Sonja
  7623 | D        | Killed Sonja
  7696 | D        | Noticed Psyche
  7702 | D        | Killed Psyche
  7799 | D        | Noticed a spriggan rider
  7799 | D        | Noticed a spiny frog
  7799 | D        | Noticed a red wasp
  7799 | D        | Noticed a giant leech
  7800 | D        | Noticed a spriggan rider
  7801 | D        | Noticed an alligator
  7804 | D        | Killed a giant firefly
  7805 | D        | Killed a spriggan rider
  7805 | D        | Killed a giant firefly
  7805 | D        | Killed a red wasp
  7805 | D        | Killed a spriggan
  7805 | D        | Reached XP level 13. HP: 126/134 MP: 28/32
  7805 | D        | Killed a giant leech
  7806 | D        | Killed a spiny frog
  7808 | D        | Killed an alligator
  7899 | D        | Noticed a yellow wasp
  7899 | D        | Noticed an orb spider
  7899 | D        | Noticed a wolf spider
  7899 | D        | Noticed an orb spider
  7899 | D        | Noticed a tarantella
  7899 | D        | Noticed a wolf spider
  7899 | D        | Noticed a wolf spider
  7902 | D        | Killed a yellow wasp
  7902 | D        | Killed a wolf spider
  7902 | D        | Killed an orb spider
  7903 | D        | Noticed a demonic crawler
  7903 | D        | Killed a tarantella
  7903 | D        | Killed a wolf spider
  7903 | D        | Killed a wolf spider
  7904 | D        | Killed a wolf spider
  7913 | D        | Killed a demonic crawler
  7914 | D        | Killed an orb spider
  8012 | D        | Noticed a harpy
  8012 | D        | Noticed a snapping turtle
  8012 | D        | Noticed a siren
  8012 | D        | Noticed a griffon
  8012 | D        | Noticed a mermaid
  8012 | D        | Noticed a merfolk impaler
  8016 | D        | Killed a mermaid
  8017 | D        | Killed a harpy
  8017 | D        | Killed a sea snake
  8017 | D        | Killed a siren
  8018 | D        | Killed a snapping turtle
  8018 | D        | Killed a merfolk impaler
  8019 | D        | Killed a griffon
  8033 | D        | Noticed a faun
  8036 | D        | Killed a faun
  8220 | D        | Noticed a naga sharpshooter
  8220 | D        | Noticed a mana viper
  8220 | D        | Noticed a naga sharpshooter
  8220 | D        | Noticed an anaconda
  8220 | D        | Noticed an anaconda
  8220 | D        | Noticed a shock serpent
  8220 | D        | Noticed a naga
  8221 | D        | Noticed a guardian serpent
  8224 | D        | Killed a naga sharpshooter
  8224 | D        | Killed a naga
  8226 | D        | Noticed a naga warrior
  8228 | D        | Killed a mana viper
  8229 | D        | Killed a guardian serpent
  8229 | D        | Killed a shock serpent
  8229 | D        | Reached skill level 15 in Fire Magic
  8230 | D        | Killed a naga sharpshooter
  8230 | D        | Reached skill level 15 in Conjurations
  8230 | D        | Killed an anaconda
  8233 | D        | Killed a naga warrior
  8236 | D        | Killed an anaconda
  8624 | D        | Noticed an emperor scorpion
  8624 | D        | Noticed a frost giant
  8624 | D        | Noticed a deep troll shaman
  8624 | D        | Noticed a vampire
  8624 | D        | Noticed an iron troll
  8624 | D        | Noticed a minotaur
  8624 | D        | Noticed a polar bear
  8627 | D        | a polar bear changed into a human
  8628 | D        | Killed a deep troll shaman
  8630 | D        | Noticed a hell knight
  8632 | D        | Killed a frost giant
  8633 | D        | Killed a vampire
  8635 | D        | Killed a minotaur
  8650 | D        | Killed an emperor scorpion
  8650 | D        | Reached XP level 14. HP: 44/143 MP: 18/35
  9055 | D        | Killed an iron troll
  9320 | D        | Noticed a dire elephant
  9376 | D        | Killed a dire elephant
  9583 | D        | Killed a hell knight
  9633 | D        | Noticed an ettin
  9636 | D        | Slain by an ettin

Action                   |  1- 3 |  4- 6 |  7- 9 | 10-12 | 13-15 || total
-------------------------+-------+-------+-------+-------+-------++-------
Melee: Unarmed           |    37 |       |       |       |       ||    37
       Cutlass           |     1 |    10 |       |    15 |    11 ||    37
       Staff             |       |     8 |       |    39 |     2 ||    49
 Cast: Flame Tongue      |    13 |     3 |    63 |    11 |       ||    90
       Sticky Flame      |       |     3 |    10 |    46 |    20 ||    79
       Conjure Flame     |       |     1 |     3 |     8 |    10 ||    22
       Fireball          |       |       |     4 |    11 |     1 ||    16
       Bolt of Magma     |       |       |     7 |    63 |    16 ||    86
       Ignite Poison     |       |       |       |     1 |     9 ||    10
       Poisonous Cloud   |       |       |       |     1 |     4 ||     5
  Use: Potion            |     1 |       |     1 |     6 |     4 ||    12
